 Dungeon Crawl Stone Soup version 0.30-a0-224-ge52a3cb02f (webtiles) character file.

Game seed: 13676517444057420462

10171 qw the Cleaver (level 11, -3/71 HPs)
             Began as a Gargoyle Fighter on Oct 9, 2022.
             Was an Elder of Okawaru.
             Slain by an eight-headed hydra (11 damage)
             ... on level 2 of the Lair of Beasts.
             The game lasted 00:03:33 (9491 turns).

qw the Cleaver (Gargoyle Fighter)                   Turns: 9491, Time: 00:03:34

Health: -3/71      AC: 23    Str: 24    XL:     11   Next: 57%
Magic:  18/18      EV: 10    Int:  9    God:    Okawaru [****..]
Gold:   479        SH:  6    Dex:  9    Spells: 10/10 levels left

rFire   . . .      SeeInvis .    k - +0 flail
rCold   . . .      Faith    .    c - +0 buckler
rNeg    + . .      Spirit   .    e - +0 chain mail
rPois   inf        Reflect  .    j - +0 helmet
rElec   +          Harm     .    (no cloak)
rCorr   .          Rampage  .    n - +0 pair of gloves
Will    .....                    (no boots)
Stlth   ..........               (no amulet)
HPRegen 0.31/turn                (no ring)
MPRegen 0.16/turn                (no ring)

@: heroic
A: sickness immunity, AC +8, negative energy resistance 1, electricity
resistance, torment resistance 1, petrification resistance
a: Renounce Religion, Heroism, Finesse


You were on level 2 of the Lair of Beasts.
You worshipped Okawaru.
Okawaru was greatly pleased with you.
You visited 2 branches of the dungeon, and saw 10 of its levels.

You collected 479 gold pieces.


Innate Abilities, Weirdness & Mutations

You are immune to sickness and miasma.
Your stone body is resilient. (AC +8)
You are immune to poison.
You resist negative energy. (rN+)
You are resistant to electric shocks. (rElec)
You are resistant to unholy torment.
You are immune to petrification.


   Skills:
 - Level 9.1(14.1) Fighting
 - Level 11.0(16.0) Axes
 - Level 3.0(8.0) Throwing
 - Level 6.0(11.0) Armour
 + Level 1.3(6.3) Dodging
 - Level 5.0(10.0) Shields
 + Level 9.5 Invocations


You had 10 spell levels left.
You didn't know any spells.
Your spell library was empty.

Inventory:

Hand Weapons
 b - the +8 mithril axe "Arga" {speed, Will+}
   (You acquired it on level 3 of the Dungeon)

   Attacks with this weapon are significantly faster.
   Will:      It increases your willpower.
 k - a +0 flail (weapon)
Armour
 c - a +0 buckler (worn)
 e - a +0 chain mail (worn)
 j - a +0 helmet (worn)
 l - +0 acid dragon scales
 n - a +0 pair of gloves (worn)
Potions
 a - a potion of attraction
 d - 2 potions of might
 f - 7 potions of curing
 g - a potion of cancellation
 h - a potion of lignification
 m - a potion of haste {unknown}
 o - a potion of brilliance {unknown}
 q - a potion of flight {unknown}

Dungeon Overview and Level Annotations

Branches:
Dungeon (8/15)             Temple (0/1) D:4            Lair (2/5) D:8
  Swamp: Lair:2-3    Shoals: Lair:2-3     Snake: Lair:2-3    Spider: Lair:2-3

Altars:
Ashenzari
Fedhas
Gozag
Makhleb
Okawaru
Ru
Trog
The Shining One

Shops:
D:6 :

Annotations:
D:2 1 runed translucent door, Crazy Yiuf
D:8 2 transporters, qw's ghost, novice GrFi


Message History

You block the seven-headed hydra's attack.
You hit the eight-headed hydra.
The eight-headed hydra is heavily wounded.
The eight-headed hydra bites you but does no damage. x2
You block the eight-headed hydra's attack.
The eight-headed hydra barely misses you. x2
The eight-headed hydra bites you.
The eight-headed hydra bites you but does no damage.
The eight-headed hydra closely misses you.
9485 ||| Stepping ~*~*~tactically~*~*~ (outnumbered).
You hit the eight-headed hydra.
The eight-headed hydra is heavily wounded.
You hit the eight-headed hydra.
The eight-headed hydra is severely wounded.
The eight-headed hydra bites you but does no damage.
The eight-headed hydra bites you!
You block the eight-headed hydra's attack.
The eight-headed hydra bites you but does no damage.
The eight-headed hydra barely misses you.
The eight-headed hydra closely misses you.
The eight-headed hydra bites you but does no damage.
The eight-headed hydra bites you.
You thump the eight-headed hydra!
The eight-headed hydra is severely wounded.
The eight-headed hydra completely misses you.
You block the eight-headed hydra's attack.
The eight-headed hydra bites you but does no damage. x3
The eight-headed hydra closely misses you.
The eight-headed hydra bites you but does no damage.
The eight-headed hydra bites you!
You thump the eight-headed hydra!
The eight-headed hydra is almost dead.
You hit the eight-headed hydra.
The eight-headed hydra is almost dead.
You hit the eight-headed hydra but do no damage.
The eight-headed hydra is almost dead.
The eight-headed hydra closely misses you.
The eight-headed hydra bites you but does no damage.
The eight-headed hydra bites you!
You die...

### #### ###
######@#######..#####..
...|...DD...............
#.#.....#............##.
#.#...#.....#......##.
.. #.#.##....#......##.
.. #.#.##....#......#P.
. #.#..#....#......##.
.................##.
......>.%..##....#.


You could see an eight-headed hydra and a seven-headed hydra.

Vanquished Creatures
  A hydra (Lair:2)
  A catoblepas (Lair:1)
  Maggie (Lair:1)
  3 cane toads
  A rime drake (Lair:1)
  3 komodo dragons (D:8)
  A polar bear (Lair:1)
  A hornet (D:8)
  9 yaks (Lair:1)
  A wyvern (Lair:1)
  Menkaure (D:5)
  An acid dragon (D:7)
  5 water moccasins
  2 ice beasts
  2 orc warriors
  2 black bears
  5 ogres
  3 wolves (Lair:1)
  2 centaurs
  3 phantoms
  2 kobold brigands (D:8)
  10 bullfrogs
  A necrophage (D:5)
  3 scorpions
  9 wights
  5 killer bees (D:7)
  A howler monkey (D:6)
  3 hounds
  2 jellies
  2 gnoll boudas
  5 orc priests
  2 iguanas (D:5)
  8 orc wizards
  7 adders
  12 gnolls
  2 white imps
  3 worms
  5 dart slugs
  23 orcs
  11 ball pythons
  6 endoplasms
  4 giant cockroaches
  8 goblins
  2 hobgoblins (D:2)
  14 kobolds
  A quokka (D:1)
  4 bats
  4 frilled lizards
  7 rats
214 creatures vanquished.

Vanquished Creatures (others)
  26 fungi
  25 plants
51 creatures vanquished.

Grand Total: 265 creatures vanquished

Notes
Turn   | Place    | Note
-------+----------+-------------------------------------------
     0 | D:1      | qw the Gargoyle Fighter began the quest for the Orb.
     0 | D:1      | Reached XP level 1. HP: 14/14 MP: 1/1
     0 | D:1      | 0 ||| qw: Version: 0.2-a-17-g06abaee
     0 | D:1      | 0 ||| qw: Game counter: 2262
     0 | D:1      | 0 ||| qw: Always use a shield: true
     0 | D:1      | 0 ||| qw: God list: Okawaru
     0 | D:1      | 0 ||| qw: Allow faded altars: false
     0 | D:1      | 0 ||| qw: Do Orc after D:15 true
     0 | D:1      | 0 ||| qw: Do second Lair branch before Depths: true
     0 | D:1      | 0 ||| qw: Lair rune preference: random
     0 | D:1      | 0 ||| qw: Plans: Normal, Zot:1-4, God:TSO, Crypt, Tomb,
                  | Pan, Slime:5, Hells, Abyss, Orb
     0 | D:1      | 0 ||| PLANNING D:1-11
   196 | D:1      | Reached skill level 2 in Axes
   329 | D:1      | 329 ||| Stepping ~*~*~tactically~*~*~ (stealth).
   336 | D:1      | Reached XP level 2. HP: 19/19 MP: 2/2
   580 | D:1      | 580 ||| Stepping ~*~*~tactically~*~*~ (stealth).
   611 | D:1      | Reached skill level 3 in Axes
   625 | D:1      | Reached XP level 3. HP: 22/23 MP: 3/3
   638 | D:1      | 638 ||| Stepping ~*~*~tactically~*~*~ (stealth).
   912 | D:1      | 912 ||| UPGRADING to +0 chain mail.
   922 | D:1      | 922 ||| DROPPING +0 scale mail.
   923 | D:1      | 923 ||| UPGRADING to +0 helmet.
   928 | D:1      | 928 ||| READING scroll labelled REASCHU CAIHOLEGG.
   929 | D:1      | 929 ||| READING scroll labelled LIPPYAK IVAR.
  1098 | D:2      | 1098 ||| Stepping ~*~*~tactically~*~*~ (hiding).
  1119 | D:2      | 1119 ||| Stepping ~*~*~tactically~*~*~ (stealth).
  1120 | D:2      | 1120 ||| Stepping ~*~*~tactically~*~*~ (stealth).
  1127 | D:2      | Found a faded altar of an unknown god.
  1462 | D:2      | Found a runed translucent door.
  1463 | D:2      | Noticed Crazy Yiuf
  1648 | D:2      | 1648 ||| READING scroll labelled ACOATR QESAH.
  1649 | D:2      | 1649 ||| READING scroll labelled LAP MADEPLAGO.
  1650 | D:2      | 1650 ||| DRINKING 4 emerald potions.
  1694 | D:3      | Noticed a scorpion
  1709 | D:3      | Killed a scorpion
  1710 | D:3      | Reached skill level 4 in Axes
  1710 | D:3      | Reached XP level 4. HP: 15/28 MP: 4/4
  1858 | D:3      | Found a broken altar of Ashenzari.
  1948 | D:3      | Reached XP level 5. HP: 32/32 MP: 5/5
  2062 | D:3      | 2062 ||| Stepping ~*~*~tactically~*~*~ (hiding).
  2063 | D:3      | 2063 ||| Stepping ~*~*~tactically~*~*~ (hiding).
  2227 | D:3      | Found an iron altar of Okawaru.
  2228 | D:3      | 2228 ||| PLANNING OKAWARU WORSHIP
  2228 | D:3      | 2228 ||| DROPPING ring of wizardry.
  2229 | D:3      | 2229 ||| READING scroll labelled FEOBRE CAMU.
  2230 | D:3      | 2230 ||| READING scroll labelled UGOLYU UFUAGO.
  2230 | D:3      | Identified a scroll of acquirement
  2230 | D:3      | 2230 ||| ACQUIRING +8 mithril axe "Arga" {speed, Will+}
  2230 | D:3      | Acquired the +8 mithril axe "Arga" {speed, Will+}
  2230 | D:3      | Found the +8 mithril axe "Arga" {speed, Will+}
  2232 | D:3      | 2232 ||| SWAPPING to +8 mithril axe "Arga" {speed, Will+}.
  2233 | D:3      | 2233 ||| DROPPING +0 war axe.
  2234 | D:3      | 2234 ||| READING scroll labelled NIODAS ZIESS.
  2235 | D:3      | 2235 ||| Stepping randomly (stuck).
  2236 | D:3      | 2236 ||| Stepping randomly (stuck).
  2237 | D:3      | 2237 ||| FLEEEEING.
  2248 | D:3      | 2248 ||| Stepping randomly (stuck).
  2249 | D:3      | 2249 ||| Stepping randomly (stuck).
  2250 | D:3      | 2250 ||| Stepping randomly (stuck).
  2251 | D:3      | 2251 ||| Stepping randomly (stuck).
  2252 | D:3      | 2252 ||| Stepping randomly (stuck).
  2253 | D:3      | 2253 ||| Stepping randomly (stuck).
  2254 | D:3      | 2254 ||| Stepping randomly (stuck).
  2255 | D:3      | 2255 ||| Stepping randomly (stuck).
  2256 | D:3      | 2256 ||| Stepping randomly (stuck).
  2257 | D:3      | 2257 ||| Stepping randomly (stuck).
  2258 | D:3      | 2258 ||| Stepping randomly (stuck).
  2259 | D:3      | 2259 ||| Stepping randomly (stuck).
  2260 | D:3      | 2260 ||| Stepping randomly (stuck).
  2261 | D:3      | 2261 ||| Stepping randomly (stuck).
  2262 | D:3      | 2262 ||| Stepping randomly (stuck).
  2263 | D:3      | 2263 ||| Stepping randomly (stuck).
  2264 | D:3      | 2264 ||| Stepping randomly (stuck).
  2265 | D:3      | 2265 ||| Stepping randomly (stuck).
  2266 | D:3      | 2266 ||| Stepping randomly (stuck).
  2267 | D:3      | 2267 ||| Stepping randomly (stuck).
  2268 | D:3      | 2268 ||| Stepping randomly (stuck).
  2269 | D:3      | 2269 ||| Stepping randomly (stuck).
  2272 | D:3      | Found a glowing golden altar of the Shining One.
  2293 | D:3      | Became a worshipper of Warmaster Okawaru
  2294 | D:3      | 2294 ||| PLANNING D:1-11
  2512 | D:3      | Found a blossoming altar of Fedhas.
  2662 | D:4      | Reached skill level 5 in Axes
  2704 | D:4      | 2704 ||| Stepping ~*~*~tactically~*~*~ (hiding).
  2714 | D:4      | Reached XP level 6. HP: 33/38 MP: 6/6
  2776 | D:4      | HP: 1/38 [ogre/+0 giant club (16)]
  2941 | D:4      | Found an opulent altar of Gozag.
  3014 | D:4      | Found a sacrificial altar of Ru.
  3044 | D:4      | Reached skill level 1 in Throwing
  3114 | D:4      | Found a staircase to the Ecumenical Temple.
  3124 | D:4      | 3124 ||| Stepping ~*~*~tactically~*~*~ (stealth).
  3126 | D:4      | 3126 ||| Stepping ~*~*~tactically~*~*~ (hiding).
  3145 | D:4      | Reached skill level 6 in Axes
  3145 | D:4      | Reached XP level 7. HP: 43/43 MP: 7/7
  3164 | D:4      | Reached * piety under Okawaru
  3192 | D:4      | 3192 ||| Stepping ~*~*~tactically~*~*~ (hiding).
  3198 | D:4      | 3198 ||| INVOKING Heroism.
  3202 | D:4      | Reached skill level 1 in Dodging
  3203 | D:4      | 3203 ||| Stepping ~*~*~tactically~*~*~ (stealth).
  3237 | D:4      | 3237 ||| Stepping ~*~*~tactically~*~*~ (stealth).
  3572 | D:4      | 3572 ||| READING scroll labelled TEXEHO POOLU.
  3573 | D:4      | 3573 ||| READING scroll labelled LIHOACY DO WOA.
  3606 | D:4      | 3606 ||| DRINKING 2 orange potions.
  3628 | D:5      | Entered Level 5 of the Dungeon
  3724 | D:5      | Reached skill level 1 in Invocations
  3727 | D:5      | 3727 ||| DROPPING +0 whip.
  3744 | D:5      | Found a bloodstained altar of Trog.
  3760 | D:5      | 3760 ||| INVOKING Heroism.
  3806 | D:5      | 3806 ||| Stepping ~*~*~tactically~*~*~ (hiding).
  3997 | D:5      | Reached skill level 3 in Invocations
  3997 | D:5      | Reached XP level 8. HP: 48/48 MP: 8/10
  4025 | D:5      | Noticed Menkaure
  4026 | D:5      | 4026 ||| Stepping ~*~*~tactically~*~*~ (hiding).
  4028 | D:5      | 4028 ||| INVOKING Heroism.
  4031 | D:5      | Killed Menkaure
  4032 | D:5      | Reached skill level 7 in Axes
  4219 | D:5      | 4219 ||| INVOKING Heroism.
  4248 | D:5      | 4248 ||| INVOKING Heroism.
  4253 | D:5      | Reached ** piety under Okawaru
  4300 | D:5      | 4300 ||| Stepping ~*~*~tactically~*~*~ (hiding).
  4304 | D:5      | 4304 ||| INVOKING Heroism.
  4311 | D:5      | 4311 ||| Stepping ~*~*~tactically~*~*~ (stealth).
  4323 | D:5      | 4323 ||| Stepping ~*~*~tactically~*~*~ (stealth).
  4326 | D:5      | 4326 ||| Stepping ~*~*~tactically~*~*~ (stealth).
  4338 | D:5      | 4338 ||| INVOKING Heroism.
  4344 | D:5      | Reached skill level 8 in Axes
  4585 | D:5      | 4585 ||| UPGRADING to +0 pair of gloves.
  4590 | D:5      | 4590 ||| DRINKING 2 golden potions.
  4695 | D:5      | 4695 ||| DRINKING 2 sedimented golden potions.
  4696 | D:5      | 4696 ||| DROPPING potion of berserk rage.
  4697 | D:5      | 4697 ||| DROPPING potion of degeneration.
  4846 | D:6      | Reached XP level 9. HP: 53/55 MP: 12/12
  5120 | D:6      | Found a burning altar of Makhleb.
  5151 | D:6      | Found Emoghiov's Book Emporium.
  5189 | D:6      | Reached skill level 6 in Fighting
  5260 | D:6      | 5260 ||| Stepping ~*~*~tactically~*~*~ (stealth).
  5270 | D:6      | 5270 ||| Stepping ~*~*~tactically~*~*~ (stealth).
  5272 | D:6      | 5272 ||| Stepping ~*~*~tactically~*~*~ (hiding).
  5304 | D:6      | 5304 ||| Stepping ~*~*~tactically~*~*~ (hiding).
  5305 | D:6      | 5305 ||| Stepping ~*~*~tactically~*~*~ (hiding).
  5695 | D:6      | 5695 ||| INVOKING Heroism.
  5717 | D:6      | 5717 ||| Stepping ~*~*~tactically~*~*~ (stealth).
  5970 | D:7      | 5970 ||| INVOKING Heroism.
  5983 | D:7      | Reached skill level 9 in Axes
  6040 | D:7      | 6040 ||| Stepping ~*~*~tactically~*~*~ (hiding).
  6041 | D:7      | 6041 ||| INVOKING Heroism.
  6048 | D:7      | Reached *** piety under Okawaru
  6100 | D:7      | 6100 ||| Stepping ~*~*~tactically~*~*~ (stealth).
  6208 | D:7      | 6208 ||| INVOKING Heroism.
  6235 | D:7      | 6235 ||| INVOKING Heroism.
  6341 | D:7      | 6341 ||| Stepping ~*~*~tactically~*~*~ (hiding).
  6343 | D:7      | 6343 ||| Stepping ~*~*~tactically~*~*~ (hiding).
  6344 | D:7      | 6344 ||| Stepping ~*~*~tactically~*~*~ (hiding).
  6461 | D:7      | 6461 ||| INVOKING Heroism.
  6511 | D:7      | Identified the +3 leather armour "Agynewk" {Harm}
  6584 | D:7      | 6584 ||| FLEEEEING.
  6585 | D:7      | 6585 ||| FLEEEEING.
  6588 | D:7      | 6588 ||| FLEEEEING.
  6589 | D:7      | 6589 ||| FLEEEEING.
  6590 | D:7      | 6590 ||| FLEEEEING.
  6592 | D:7      | 6592 ||| FLEEEEING.
  6593 | D:7      | 6593 ||| FLEEEEING.
  6594 | D:7      | 6594 ||| FLEEEEING.
  6595 | D:7      | 6595 ||| FLEEEEING.
  6596 | D:7      | 6596 ||| FLEEEEING.
  6597 | D:7      | 6597 ||| FLEEEEING.
  6598 | D:7      | 6598 ||| FLEEEEING.
  6599 | D:7      | 6599 ||| FLEEEEING.
  6600 | D:7      | 6600 ||| FLEEEEING.
  6603 | D:7      | 6603 ||| FLEEEEING.
  6604 | D:7      | 6604 ||| FLEEEEING.
  6605 | D:7      | 6605 ||| FLEEEEING.
  6609 | D:7      | 6609 ||| FLEEEEING.
  6610 | D:7      | 6610 ||| FLEEEEING.
  6611 | D:7      | 6611 ||| FLEEEEING.
  6612 | D:7      | 6612 ||| FLEEEEING.
  6613 | D:7      | 6613 ||| FLEEEEING.
  6617 | D:7      | 6617 ||| FLEEEEING.
  6618 | D:7      | 6618 ||| FLEEEEING.
  6619 | D:7      | 6619 ||| FLEEEEING.
  6620 | D:7      | 6620 ||| FLEEEEING.
  6621 | D:7      | 6621 ||| FLEEEEING.
  6756 | D:7      | 6756 ||| Stepping ~*~*~tactically~*~*~ (hiding).
  6944 | D:8      | Reached XP level 10. HP: 56/63 MP: 13/13
  7002 | D:8      | 7002 ||| INVOKING Heroism.
  7004 | D:8      | Reached skill level 10 in Axes
  7114 | D:8      | 7114 ||| Stepping ~*~*~tactically~*~*~ (hiding).
  7116 | D:8      | 7116 ||| Stepping ~*~*~tactically~*~*~ (hiding).
  7119 | D:8      | 7119 ||| Stepping ~*~*~tactically~*~*~ (stealth).
  7120 | D:8      | 7120 ||| INVOKING Heroism.
  7125 | D:8      | 7125 ||| Stepping ~*~*~tactically~*~*~ (stealth).
  7132 | D:8      | Reached **** piety under Okawaru
  7150 | D:8      | 7150 ||| INVOKING Heroism.
  7154 | D:8      | 7154 ||| Stepping ~*~*~tactically~*~*~ (hiding).
  7158 | D:8      | Reached skill level 3 in Throwing
  7158 | D:8      | 7158 ||| Stepping ~*~*~tactically~*~*~ (hiding).
  7158 | D:8      | HP: 16/64 [black bear (3)]
  7159 | D:8      | 7159 ||| Stepping ~*~*~tactically~*~*~ (hiding).
  7160 | D:8      | 7160 ||| Stepping ~*~*~tactically~*~*~ (hiding).
  7179 | D:8      | 7179 ||| FLEEEEING.
  7180 | D:8      | 7180 ||| FLEEEEING.
  7181 | D:8      | 7181 ||| Stepping ~*~*~tactically~*~*~ (hiding).
  7182 | D:8      | 7182 ||| FLEEEEING.
  7183 | D:8      | 7183 ||| FLEEEEING.
  7184 | D:8      | 7184 ||| FLEEEEING.
  7185 | D:8      | 7185 ||| FLEEEEING.
  7186 | D:8      | 7186 ||| FLEEEEING.
  7187 | D:8      | 7187 ||| FLEEEEING.
  7188 | D:8      | 7188 ||| FLEEEEING.
  7189 | D:8      | 7189 ||| FLEEEEING.
  7190 | D:8      | 7190 ||| FLEEEEING.
  7191 | D:8      | 7191 ||| FLEEEEING.
  7192 | D:8      | 7192 ||| FLEEEEING.
  7193 | D:8      | 7193 ||| FLEEEEING.
  7194 | D:8      | 7194 ||| FLEEEEING.
  7195 | D:8      | 7195 ||| FLEEEEING.
  7196 | D:8      | 7196 ||| FLEEEEING.
  7197 | D:8      | 7197 ||| FLEEEEING.
  7198 | D:8      | 7198 ||| STAIRDANCE
  7327 | D:8      | 7327 ||| STAIRDANCE
  7351 | D:8      | 7351 ||| STAIRDANCE
  7357 | D:8      | 7357 ||| Stepping ~*~*~tactically~*~*~ (hiding).
  7366 | D:8      | 7366 ||| Stepping ~*~*~tactically~*~*~ (stealth).
  7369 | D:8      | 7369 ||| Stepping ~*~*~tactically~*~*~ (hiding).
  7370 | D:8      | 7370 ||| Stepping ~*~*~tactically~*~*~ (hiding).
  7371 | D:8      | 7371 ||| Stepping ~*~*~tactically~*~*~ (hiding).
  7436 | D:8      | Noticed qw's ghost (novice GrFi)
  7443 | D:8      | Found a transporter.
  7455 | D:8      | Found a transporter.
  7510 | D:8      | Found a staircase to the Lair.
  7594 | D:8      | Reached skill level 6 in Invocations
  7736 | D:8      | 7736 ||| Stepping ~*~*~tactically~*~*~ (stealth).
  7959 | D:8      | 7959 ||| PLANNING LAIR
  7961 | Lair:1   | Entered Level 1 of the Lair of Beasts
  7962 | Lair:1   | 7962 ||| INVOKING Heroism.
  7972 | Lair:1   | Reached skill level 6 in Armour
  7974 | Lair:1   | Noticed Maggie
  7990 | Lair:1   | Killed Maggie
  7990 | Lair:1   | Reached ***** piety under Okawaru
  8162 | Lair:1   | Noticed a cane toad
  8163 | Lair:1   | 8163 ||| INVOKING Heroism.
  8169 | Lair:1   | Killed a cane toad
  8245 | Lair:1   | Noticed a cane toad
  8246 | Lair:1   | 8246 ||| INVOKING Heroism.
  8250 | Lair:1   | Killed a cane toad
  8251 | Lair:1   | Reached XP level 11. HP: 68/68 MP: 13/16
  8297 | Lair:1   | Noticed a catoblepas
  8299 | Lair:1   | 8299 ||| INVOKING Heroism.
  8300 | Lair:1   | 8300 ||| INVOKING Finesse.
  8306 | Lair:1   | Killed a catoblepas
  8502 | Lair:1   | 8502 ||| INVOKING Heroism.
  8510 | Lair:1   | Received a gift from Okawaru
  8518 | Lair:1   | Reached skill level 11 in Axes
  8525 | Lair:1   | 8525 ||| INVOKING Heroism.
  8599 | Lair:1   | 8599 ||| INVOKING Heroism.
  8600 | Lair:1   | Received a gift from Okawaru
  8602 | Lair:1   | Reached skill level 9 in Invocations
  9210 | Lair:1   | 9210 ||| READING scroll labelled CEMORPHOITZ.
  9211 | Lair:1   | 9211 ||| READING scroll labelled OGUGRA TUVEMAO.
  9216 | Lair:1   | 9216 ||| DRINKING 2 brown potions.
  9217 | Lair:1   | 9217 ||| DRINKING 2 metallic inky potions.
  9290 | Lair:2   | Noticed a four-headed hydra
  9291 | Lair:2   | 9291 ||| INVOKING Heroism.
  9292 | Lair:2   | 9292 ||| INVOKING Finesse.
  9293 | Lair:2   | 9293 ||| SWAPPING to +0 flail.
  9302 | Lair:2   | Killed a four-headed hydra
  9303 | Lair:2   | 9303 ||| SWAPPING to +8 mithril axe "Arga" {speed, Will+}.
  9348 | Lair:2   | 9348 ||| INVOKING Heroism.
  9354 | Lair:2   | Reached skill level 9 in Fighting
  9468 | Lair:2   | Noticed an eight-headed hydra
  9469 | Lair:2   | 9469 ||| INVOKING Heroism.
  9470 | Lair:2   | Noticed a seven-headed hydra
  9473 | Lair:2   | 9473 ||| SWAPPING to +0 flail.
  9478 | Lair:2   | 9478 ||| Stepping ~*~*~tactically~*~*~ (outnumbered).
  9479 | Lair:2   | 9479 ||| Stepping ~*~*~tactically~*~*~ (outnumbered).
  9480 | Lair:2   | 9480 ||| Stepping ~*~*~tactically~*~*~ (outnumbered).
  9481 | Lair:2   | 9481 ||| Stepping ~*~*~tactically~*~*~ (outnumbered).
  9482 | Lair:2   | 9482 ||| Stepping ~*~*~tactically~*~*~ (outnumbered).
  9483 | Lair:2   | 9483 ||| Stepping ~*~*~tactically~*~*~ (outnumbered).
  9485 | Lair:2   | 9485 ||| Stepping ~*~*~tactically~*~*~ (outnumbered).
  9487 | Lair:2   | HP: 17/71 [eight-headed hydra (7)]
  9488 | Lair:2   | HP: 7/71 [eight-headed hydra (8)]
  9491 | Lair:2   | Slain by an eight-headed hydra

Levels and vault maps discovered:
D:1:      onia_arrival_mini_maze, layout_basic, minmay_heptomino_l4
D:2:      layout_basic, serial_glass, glass_columns_a, glass_columns_a,
          dreamdust_ecumenical_altar_statues, hangedman_decor_growths,
          grunt_decor_fettered, uniq_crazy_yiuf_cottage
D:3:      layout_loops_ring, fedhas_altar_fruit_tree, ashenzari_altar_1,
          mainiacjoe_overflow_catwalk_spiral
D:4:      layout_loops_cross, hangedman_ru_absence, kennysheep_mini,
          minmay_temple_entry_ruins, kennysheep_generic_room_4
D:5:      minmay_chambers_of_threes, layout_loops_ring,
          mainiacjoe_overflow_tiny_flanked, uniq_menkaure
D:6:      layout_loops_corners, mainiacjoe_overflow_alcove_4, serial_shops,
          shop, chequers_serial_rivers_large_b, minmay_misc_feat_columns
D:7:      layout_gridville, roderic_malta_cross, minmay_misc_feat_rugged,
          minivault_27, sigmund_army
D:8:      layout_loops_ring, due_lair_maze_entry_diamond, gammafunk_ghost_hive
Lair:1:   layout_cave_pods, uniq_maggie
Lair:2:   layout_long_grid

Skill      XL: |  1  2  3  4  5  6  7  8  9 10 11 |
---------------+----------------------------------+-----
Axes           | 2 3 4 5 6 8 9 10 11 | 11.0
Fighting       | 4 5 7 8 9 |  9.1
Throwing       | 1 2 3 |  3.0
Dodging        | 1 |  1.3
Invocations    | 3 4 7 9 |  9.5
Armour         | 5 6 |  6.0
Shields        | 4 5 |  5.0

Action                   |  1- 3 |  4- 6 |  7- 9 | 10-12 || total
-------------------------+-------+-------+-------+-------++-------
Melee: War axe           |   104 |    22 |       |       ||   126
       Broad axe         |       |    54 |   213 |   183 ||   450
       Flail             |       |       |       |    16 ||    16
Throw: Javelin           |       |     4 |    37 |    23 ||    64
Invok: Heroism           |       |       |    13 |    13 ||    26
       Finesse           |       |       |       |     2 ||     2
  Use: Scroll            |     4 |     3 |     2 |     2 ||    11
       Potion            |     1 |       |     3 |     2 ||     6
Armor: Scale mail        |    36 |       |       |       ||    36
       Chain mail        |    20 |    27 |    97 |   100 ||   244
Dodge: Dodged            |    29 |    19 |    48 |    66 ||   162
Block: Buckler           |    15 |     9 |    29 |    32 ||    85

Table legend:
 A = Non-vault XP
 B = Vault XP
 C = Vault XP percentage of total XP
 D = Non-vault monster count
 E = Vault monster count
 F = Vault count percentage of total count
                 A         B        C        D         E       F
            +---------+---------+-------+---------+---------+-------
      Total |   11289 |    3242 |  22.3 |     176 |      38 |  17.8
            +---------+---------+-------+---------+---------+-------
        D:1 |      39 |       6 |  13.3 |      22 |       4 |  15.4
        D:2 |      25 |       0 |   0.0 |      13 |       0 |   0.0
        D:3 |     120 |       0 |   0.0 |      14 |       0 |   0.0
        D:4 |     638 |      18 |   2.7 |      24 |       2 |   7.7
        D:5 |     606 |     829 |  57.8 |      15 |      13 |  46.4
        D:6 |     698 |       0 |   0.0 |      14 |       0 |   0.0
        D:7 |    1586 |     142 |   8.2 |      29 |       7 |  19.4
        D:8 |    1043 |    1813 |  63.5 |      20 |      11 |  35.5
     Lair:1 |    5204 |     434 |   7.7 |      22 |       1 |   4.3
     Lair:2 |    1330 |       0 |   0.0 |       3 |       0 |   0.0
            +---------+---------+-------+---------+---------+-------
